 Dungeon Crawl Stone Soup version 0.28.0-53-g5a82cb258f (webtiles) character file.

Game seed: 17298923234690658840

104772 safid the Earth Mage (level 16, -5/97 HPs)
             Began as a Gargoyle Earth Elementalist on Aug 24, 2022.
             Was the Champion of Vehumet.
             Slain by a bunyip (25 damage)
             ... on level 1 of the Swamp.
             The game lasted 01:30:28 (34979 turns).

safid the Earth Mage (Gargoyle Earth Elementalist) Turns: 34979, Time: 01:30:28

Health: -5/97      AC: 22    Str: 17    XL:     16   Next: 39%
Magic:  10/31      EV: 11    Int: 24    God:    Vehumet [******]
Gold:   2126       SH:  5    Dex: 13    Spells: 4/38 levels left

rFire   + . .      SeeInvis .   s - +11 whip of Waf Zebb {elec, rF+}
rCold   . . .      Faith    .   T - +0 buckler
rNeg    + + .      Spirit   .   I - +0 troll leather armour
rPois   ∞          Reflect  .   M - +2 hat {Stlth+}
rElec   +          Harm     .   p - +1 cloak
rCorr   .          Rampage  .   V - +0 pair of gloves {Dex+3}
Will    +....                   L - +0 pair of boots {Stlth+}
Stlth   ++++......              G - amulet of regeneration
HPRegen 1.86/turn               y - ring of Pogod {Wiz Str+5 Int+2}
MPRegen 0.22/turn               t - ring of positive energy

@: flying
A: sickness immunity, AC +12, big wings, negative energy resistance 1,
electricity resistance, torment resistance 1, petrification resistance, weak 1
a: Renounce Religion


You were on level 1 of the Swamp.
You worshipped Vehumet.
Vehumet was exalted by your worship.
You visited 4 branches of the dungeon, and saw 24 of its levels.
You also visited: Gauntlet.

You collected 2522 gold pieces.
You spent 396 gold pieces at shops.

Inventory:

Hand Weapons
 s - the +11 whip of Waf Zebb (weapon) {elec, rF+}
   (You found it on level 5 of the Dungeon)

   It occasionally discharges a powerful burst of electricity upon striking a
   foe.
   rF:        It protects you from fire.
Missiles
 c - 434 stones
 n - 2 throwing nets
 x - 21 poisoned darts
 O - 6 javelins
Armour
 p - a +1 cloak (worn)
 I - a +0 troll leather armour (worn)
 L - a +0 pair of boots of stealth (worn)
 M - a +2 hat of stealth (worn)
 T - a +0 buckler (worn)
 V - a +0 pair of gloves of dexterity (worn)
Jewellery
 t - a ring of positive energy (right hand)
 y - the ring of Pogod (left hand) {Wiz Str+5 Int+2}
   (You found it on level 7 of the Dungeon)

   [ring of wizardry]

   It improves your spell success rate.
   Str:       It affects your strength (+5).
   Int:       It affects your intelligence (+2).
 B - an amulet of magic regeneration
 C - an amulet of reflection
 F - a ring of resist corrosion
 G - an amulet of regeneration (around neck)
 H - a ring of see invisible
 P - a ring of willpower
Wands
 d - a wand of iceblast (27)
 o - a wand of acid (23)
 r - a wand of polymorph (15)
 w - a wand of flame (75)
 Q - a wand of digging (9)
 S - a wand of paralysis (14)
 X - a wand of charming (7)
Scrolls
 e - 3 scrolls of immolation
 g - 9 scrolls of teleportation
 h - 9 scrolls of enchant armour
 l - 5 scrolls of vulnerability
 q - 3 scrolls of blinking
 u - 2 scrolls of torment
 v - a scroll of fear
 D - 2 scrolls of fog
 J - 3 scrolls of enchant weapon
 U - 2 scrolls of magic mapping {unknown}
Potions
 a - 2 potions of berserk rage
 b - 3 potions of mutation
 f - 7 potions of flight
 i - 8 potions of curing
 j - 7 potions of cancellation
 k - 5 potions of haste
 m - 8 potions of might
 z - 5 potions of heal wounds
 E - 6 potions of attraction
 K - 4 potions of magic
 N - a potion of brilliance
 R - a potion of lignification
 W - a potion of ambrosia {unknown}


   Skills:
 - Level 10.0 Fighting
 - Level 12.0 Maces & Flails
 - Level 2.0 Dodging
 - Level 2.1 Stealth
 - Level 4.0 Shields
 + Level 11.6 Spellcasting
 + Level 13.8 Conjurations
 + Level 9.7 Summonings
 - Level 5.0 Translocations
 - Level 4.0 Transmutations
 - Level 15.0 Earth Magic


You had 4 spell levels left.
You knew the following spells:

 Your Spells              Type           Power      Damage    Failure   Level
a - Sandblast             Erth           100%       2d20      0%          1
b - Stone Arrow           Conj/Erth      100%       3d13      1%          3
c - Iron Shot             Conj/Erth      35%        9d7       1%          6
d - Irradiate             Conj/Tmut      27%        3d23      1%          5
e - Iskenderun's Mystic   Conj/Tloc      56%        2d12      1%          4
f - Spellforged Servitor  Conj/Summ      31%        N/A       5%          7
g - Lehudib's Crystal Sp  Conj/Erth      35%        10d9      13%         8

Your spell library contained the following spells:

 Spells                   Type           Power      Damage    Failure   Level
 Ozocubu's Refrigeration  Ice            6%         4d6       98%         7
 Freeze                   Ice            52%        1d7       1%          1
 Magic Dart               Conj           100%       1d8       1%          1
 Summon Small Mammal      Summ           100%       N/A       1%          1
 Call Imp                 Summ           57%        N/A       1%          2
 Passwall                 Tmut/Erth      46%        N/A       1%          2
 Call Canine Familiar     Summ           57%        N/A       1%          3
 Gell's Gravitas          Tloc           37%        N/A       1%          3
 Lesser Beckoning         Tloc           37%        N/A       1%          3
 Mephitic Cloud           Conj/Pois/Air  36%        N/A       1%          3
 Summon Guardian Golem    Hex/Summ       37%        N/A       1%          3
 Teleport Other           Tloc           37%        N/A       1%          3
 Animate Armour           Summ/Erth      100%       N/A       1%          4
 Hailstorm                Conj/Ice       47%        3d11      1%          4
 Leda's Liquefaction      Hex/Erth       24%        N/A       1%          4
 Petrify                  Tmut/Erth      56%        N/A       1%          4
 Frozen Ramparts          Ice            26%        1d4       2%          3
 Slow                     Hex            52%        N/A       3%          1
 Portal Projectile        Hex/Tloc       50%        N/A       3%          3
 Confusing Touch          Hex            13%        N/A       9%          3
 Vampiric Draining        Necr           13%        2d6       9%          3
 Orb of Destruction       Conj           34%        9d10      2%          7
 Blade Hands              Tmut           16%        N/A       16%         5
 Sublimation of Blood     Necr           Unusable   N/A       N/A         2

Dungeon Overview and Level Annotations

Branches:
Dungeon (15/15)            Temple (0/1) D:7            Lair (6/6) D:11
  Swamp (1/4) Lair:2        Snake (0/4) Lair:3        Slime (0/5) Lair:6
    Orc (2/2) D:10            Elf (0/3) Orc:2        Vaults (0/5) D:14
 Depths (0/4) D:15        Gauntlet (visited)

Altars:
Cheibriados
Dithmenos
Fedhas
Nemelex Xobeh
Vehumet
Jiyva
Lugonu

Shops:
D:4 [   D:8 *   D:10 [   D:13 !   D:15 (   Orc:2 *[:(

Portals:
Abyss: Lair:6

Annotations:
D:3 3 runed translucent doors, oldmanjim's ghost, novice HOFi
D:6 3 runed translucent doors, jjjjhere's ghost, novice OgWz
Lair:5 3 runed translucent doors, Emuarch's ghost, journeyman MiFi


Innate Abilities, Weirdness & Mutations

You are immune to sickness and miasma.
Your stone body is resilient. (AC +12)
You are immune to poison.
Your large and strong wings let you fly.
You resist negative energy. (rN+)
You are resistant to electric shocks. (rElec)
You are resistant to unholy torment.
You are immune to petrification.
You are weak. (Str -2)


Message History

Press: ? - help, Shift-Dir - straight line, f - spriggan druid
Aim: a spriggan druid, wielding a +0 quarterstaff and wearing a +0 robe (48% to hit)
The iron shot misses the spriggan druid.
The spriggan druid points at you and mumbles some strange words.
The stone arrow hits you!!
Casting: Iron Shot (dangerous; 1% risk of failure)
Confirm with . or Enter, or press ? or * to list all spells.
Aiming: Iron Shot (dangerous; 1% risk of failure)
Press: ? - help, Shift-Dir - straight line, f/p - spriggan druid
Aim: a spriggan druid, wielding a +0 quarterstaff and wearing a +0 robe (48% to hit)
The iron shot misses the spriggan druid.
The bunyip gives a hideous shriek!
Casting: Iron Shot (dangerous; 1% risk of failure)
Confirm with . or Enter, or press ? or * to list all spells.
Aiming: Iron Shot (dangerous; 1% risk of failure)
Press: ? - help, Shift-Dir - straight line, f/p - spriggan druid
Aim: a spriggan druid, wielding a +0 quarterstaff and wearing a +0 robe (48% to hit)
The iron shot hits the spriggan druid!!!
The spriggan druid is almost dead.
Unknown command.
The spriggan druid casts a spell.
The forest starts to sway and rumble!
You closely miss the spriggan druid.
The forest calms down.
The spriggan druid is almost dead.
You whack the spriggan druid!
With its final breath, the spriggan druid offers up its power to the beasts of the wild!
The bunyip seems to grow more fierce.
You kill the spriggan druid!
Vehumet accepts your kill.
You feel your power returning.
You hear a splash. x2
You block the bunyip's attack. The bunyip misses you.
The bunyip closely misses you.
You see here 15 gold pieces.
The bunyip claws you!! The bunyip closely misses you. The bunyip claws you!!!
The bunyip no longer looks unusually strong.
You block the bunyip's attack. The bunyip claws you!!
* * * LOW HITPOINT WARNING * * *
The bunyip claws you!!
You die...

♣ ♣♣♣.........≈≈...♣≈§.♣ ♣. ♣
♣.♣..)....≈≈.≈§♣≈≈.≈.♣ ♣
♣≈≈....≈.≈♣.≈≈≈.≈..≈♣ ♣
♣♣......≈≈≈≈.≈♣≈.≈..≈♣♣
♣♣♣......≈≈≈≈≈...≈≈≈≈≈≈.♣
♣♣..≈.≈÷...≈§≈.≈≈≈≈≈≈≈.♣♣
≈..≈.♣≈≈≈≈≈§≈...≈§≈..≈.♣
≈≈≈≈≈≈≈.....≈≈≈.x≈≈≈≈≈.♣ ♣♣♣
..≈≈≈...♣♣.≈≈≈≈≈@≈♣....♣♣♣♣.♣♣
≈≈≈≈.≈≈♣♣♣.≈♣≈≈≈≈...≈..♣♣<...♣
.≈.≈.≈.♣ ♣.§.≈≈..>≈≈≈≈≈≈≈...♣♣
.≈§≈.≈≈♣♣♣.≈......^...≈≈..♣♣♣
≈≈§≈♣≈≈≈≈≈§...≈♣.≈.♣♣.≈..♣♣
..≈≈≈.≈≈≈≈≈≈♣.≈..≈.♣♣♣♣♣.♣
♣.≈≈§≈≈≈.....≈≈.≈≈.≈≈♣♣♣.♣
♣.....≈≈≈≈≈≈≈.≈≈≈..♣.≈...♣♣
.≈.≈.≈≈§≈≈.≈≈.....♣≈.≈≈≈..♣


You could see a bunyip.

Vanquished Creatures
  Rupert (D:15)
  An orc warlord (Orc:2)
  2 eleionomae (Swamp:1)
  A minotaur (Gauntlet)
  A great orb of eyes (D:15)
  8 hydras
  A vault guard (D:14)
  A catoblepas (D:15)
  7 alligators
  4 centaur warriors
  5 two-headed ogres
  2 boulder beetles (D:15)
  A tengu warrior (D:13)
  7 death yaks
  5 orc high priests (Orc:2)
  3 thrashing horrors
  4 skeletal warriors
  A spriggan druid (Swamp:1)
  A swamp dragon (Swamp:1)
  A bog body (Swamp:1)
  A wizard (D:14)
  3 lindwurms (Lair:2)
  9 ugly things
  3 orc knights
  4 deep elf pyromancers
  An oklob plant (Lair:3)
  2 orc sorcerers (Orc:2)
  A will-o-the-wisp (Swamp:1)
  10 cyclopes
  16 elephants
  6 slime creatures
  2 manticores
  3 black mambas
  A guardian serpent (shapeshifter) (Lair:6)
  2 smoke demons (Lair:6)
  4 gargoyles
  2 torpor snails
  9 cane toads
  A rime drake (Lair:5)
  A freezing wraith (D:15)
  A yaktaur (shapeshifter) (D:14)
  2 efreet
  14 komodo dragons
  3 kobold demonologists
  2 ancient zymes (Lair:6)
  5 trolls
  A meliai (D:15)
  2 tyrant leeches (Swamp:1)
  A tarantella (shapeshifter) (Lair:6)
  4 hornets (Swamp:1)
  A raiju (Gauntlet)
  A polar bear (Lair:4)
  27 blink frogs
  3 large abominations (Lair:6)
  A vampire (D:12)
  A shadow (D:10)
  A centaur simulacrum (D:14)
  48 yaks
  A ynoxinul (Lair:6)
  5 spriggans
  3 wraiths
  5 wyverns
  4 fire bats (D:9)
  2 steam dragons
  11 basilisks
  A neqoxec (Gauntlet)
  13 vampire mosquitoes
  5 chaos spawn
  5 nagas (Lair:3)
  2 wargs (Orc:2)
  2 swamp worms (Swamp:1)
  An acid dragon (shapeshifter) (D:15)
  2 acid dragons
  A hell hound (D:9)
  9 water moccasins
  2 swamp drakes
  29 orc warriors
  A sky beast (D:7)
  3 boggarts (D:14)
  11 wolves
  A necrophage (D:6)
  11 ogres
  7 centaurs
  2 kobold brigands
  A phantom (D:4)
  3 scorpions
  12 bullfrogs
  2 water moccasin skeletons
  9 small abominations
  4 killer bees
  A vampire bat (D:8)
  12 wights
  10 electric eels
  11 howler monkeys
  5 centaur zombies
  2 hounds
  A bullfrog zombie (D:6)
  2 lava snakes (D:9)
  A centaur skeleton (D:6)
  15 orc priests
  2 bullfrog skeletons (D:6)
  5 iguanas
  18 orc wizards
  5 hell rats (Lair:5)
  Terence (D:2)
  A howler monkey zombie (D:8)
  5 adders
  A shadow imp (D:5)
  2 adder skeletons (D:4)
  4 worms
  3 dart slugs
  51 orcs
  11 ball pythons
  17 bats
  8 endoplasms
  A giant cockroach (D:2)
  2 goblins (D:4)
  9 hobgoblins
  9 jackals
  11 kobolds
  4 quokkas
  3 frilled lizards
  5 rats
  A spectral goblin (D:1)
  A fire vortex (D:9)
666 creatures vanquished.

Vanquished Creatures (others)
  A fire vortex (D:9)
  2 foxfires (Swamp:1)
  42 fungi
  27 plants
72 creatures vanquished.

Grand Total: 738 creatures vanquished

Notes
Turn   | Place    | Note
-------+----------+-------------------------------------------
     0 | D:1      | safid the Gargoyle Earth Elementalist began the quest for
                  | the Orb.
     0 | D:1      | Reached XP level 1. HP: 10/10 MP: 3/3
   267 | D:1      | Reached skill level 1 in Transmutations
   267 | D:1      | Reached XP level 2. HP: 11/16 MP: 5/5
   871 | D:1      | Found a faded altar of an unknown god.
  1077 | D:1      | Reached skill level 1 in Fighting
  1169 | D:2      | Reached skill level 4 in Earth Magic
  1169 | D:2      | Reached XP level 3. HP: 20/20 MP: 6/6
  1649 | D:2      | Reached XP level 4. HP: 12/26 MP: 2/7
  2575 | D:2      | Noticed Terence
  2591 | D:2      | Killed Terence
  2597 | D:2      | Learned a level 3 spell: Stone Arrow
  3015 | D:3      | Reached XP level 5. HP: 28/31 MP: 7/9
  3055 | D:3      | Noticed an ogre
  3059 | D:3      | Killed an ogre
  3060 | D:3      | Reached skill level 5 in Earth Magic
  3138 | D:3      | Found a runed translucent gate.
  3139 | D:3      | Found a runed translucent gate.
  3140 | D:3      | Found a runed translucent gate.
  3148 | D:3      | Noticed oldmanjim's ghost (novice HOFi)
  3439 | D:3      | Found a radiant altar of Vehumet.
  3455 | D:3      | Became a worshipper of Vehumet
  3931 | D:4      | Noticed a phantom
  3939 | D:4      | Killed a phantom
  3940 | D:4      | Reached XP level 6. HP: 23/37 MP: 5/11
  4559 | D:4      | Found Nittidic's Armour Emporium.
  4687 | D:4      | Reached * piety under Vehumet
  4687 | D:4      | Offered knowledge of Freeze by Vehumet.
  4688 | D:4      | Reached skill level 6 in Earth Magic
  4688 | D:4      | Reached XP level 7. HP: 40/43 MP: 9/13
  5219 | D:5      | Entered Level 5 of the Dungeon
  5223 | D:5      | Reached skill level 5 in Fighting
  5284 | D:5      | Identified the +11 whip of Waf Zebb {elec, rF+}
  5326 | D:5      | Reached skill level 7 in Earth Magic
  5326 | D:5      | Reached XP level 8. HP: 49/49 MP: 10/15
  5421 | D:5      | Reached skill level 1 in Maces & Flails
  5422 | D:5      | Reached skill level 5 in Spellcasting
  6195 | D:6      | Reached skill level 8 in Earth Magic
  6331 | D:6      | Reached skill level 1 in Conjurations
  6331 | D:6      | Reached XP level 9. HP: 45/55 MP: 11/17
  6509 | D:6      | Found a runed translucent gate.
  6517 | D:6      | Noticed jjjjhere's ghost (novice OgWz)
  6520 | D:6      | Found a runed translucent gate.
  6520 | D:6      | Found a runed translucent gate.
  7491 | D:6      | Reached skill level 9 in Earth Magic
  7498 | D:6      | Learned a level 6 spell: Iron Shot
  7729 | D:7      | Reached ** piety under Vehumet
  7742 | D:7      | Offered knowledge of Static Discharge by Vehumet.
  7819 | D:7      | Reached skill level 5 in Maces & Flails
  7968 | D:7      | Identified the ring of Pogod {Wiz Str+5 Int+2}
  8059 | D:7      | Reached XP level 10. HP: 55/60 MP: 13/20
  8414 | D:7      | Offered knowledge of Frozen Ramparts by Vehumet.
  8580 | D:7      | Found a staircase to the Ecumenical Temple.
  8728 | D:8      | Found a snail-covered altar of Cheibriados.
  8976 | D:8      | Noticed a manticore
  8984 | D:8      | Killed a manticore
  8985 | D:8      | Reached skill level 5 in Conjurations
  8985 | D:8      | Reached skill level 10 in Earth Magic
  9228 | D:8      | Reached *** piety under Vehumet
  9282 | D:8      | Found Ronibbip's Changing Room.
 10456 | D:9      | Offered knowledge of Inner Flame by Vehumet.
 10651 | D:9      | Reached XP level 11. HP: 51/64 MP: 4/23
 10866 | D:9      | Noticed a two-headed ogre
 10871 | D:9      | Killed a two-headed ogre
 10872 | D:9      | Reached skill level 11 in Earth Magic
 10991 | D:10     | Entered Level 10 of the Dungeon
 11006 | D:10     | Noticed a two-headed ogre
 11012 | D:10     | Killed a two-headed ogre
 11250 | D:10     | Found a sparkling altar of Nemelex Xobeh.
 11300 | D:10     | Noticed a two-headed ogre
 11303 | D:10     | Killed a two-headed ogre
 11560 | D:10     | Reached **** piety under Vehumet
 11728 | D:10     | Found a staircase to the Orcish Mines.
 11743 | D:10     | Noticed a two-headed ogre
 11749 | D:10     | Killed a two-headed ogre
 11750 | D:10     | Reached skill level 12 in Earth Magic
 12081 | D:10     | Found Sucwy's Armour Shop.
 12167 | D:10     | Offered knowledge of Iskenderun's Mystic Blast by Vehumet.
 12269 | D:11     | Noticed a boulder beetle
 12609 | D:11     | Noticed a cyclops
 12621 | D:11     | Killed a cyclops
 12729 | D:11     | Found a gate leading to a gauntlet.
 12738 | Gauntlet | Entered a Gauntlet
 12738 | Gauntlet | Found a transporter.
 12738 | Gauntlet | Found a transporter.
 12766 | Gauntlet | Found a transporter.
 12766 | Gauntlet | Found a transporter.
 12768 | Gauntlet | Found a large runed translucent door.
 12769 | Gauntlet | Found a large runed translucent door.
 12770 | Gauntlet | Found a large runed translucent door.
 12770 | Gauntlet | Found a large runed translucent door.
 12770 | Gauntlet | Found a runed translucent door.
 12771 | Gauntlet | Found a large runed translucent door.
 12783 | Gauntlet | Found a large runed translucent door.
 12784 | Gauntlet | Found a large runed translucent door.
 12785 | Gauntlet | Found a large runed translucent door.
 12786 | Gauntlet | Found a runed translucent gate.
 12787 | Gauntlet | Noticed a soul eater
 12788 | Gauntlet | Found a transporter.
 12792 | Gauntlet | Noticed a necromancer
 12795 | Gauntlet | Noticed a wizard
 12796 | Gauntlet | Noticed a wizard
 12798 | Gauntlet | Found a transporter.
 12799 | Gauntlet | Found a transporter.
 12801 | Gauntlet | Found a transporter.
 12801 | Gauntlet | Noticed a thrashing horror
 12828 | Gauntlet | Found a transporter.
 12830 | Gauntlet | Found a runed translucent gate.
 12830 | Gauntlet | Found a runed translucent gate.
 12832 | Gauntlet | Found a large runed translucent door.
 12833 | Gauntlet | Found a large runed translucent door.
 12835 | Gauntlet | Found a transporter.
 12836 | Gauntlet | Found a large runed translucent door.
 12837 | Gauntlet | Found a large runed translucent door.
 12840 | Gauntlet | Found a runed translucent door.
 12851 | Gauntlet | Found a large runed translucent door.
 12851 | Gauntlet | Found a large runed translucent door.
 12852 | Gauntlet | Found a large runed translucent door.
 12853 | Gauntlet | Found a large runed translucent door.
 12853 | Gauntlet | Found a transporter.
 12898 | Gauntlet | Found a transporter.
 12908 | Gauntlet | Noticed a moth of wrath
 12916 | Gauntlet | Found a transporter.
 13006 | Gauntlet | Found a transporter.
 13015 | Gauntlet | Found a transporter.
 13033 | Gauntlet | Found a transporter.
 13733 | Gauntlet | Gained mutation: Armour fits poorly on your strangely
                  | shaped body. [a neqoxec]
 13744 | Gauntlet | Reached XP level 12. HP: 70/70 MP: 6/24
 13852 | Gauntlet | Learned a level 5 spell: Irradiate
 13874 | Gauntlet | Killed a thrashing horror
 14042 | Gauntlet | Noticed a minotaur
 14053 | Gauntlet | Killed a minotaur
 14054 | Gauntlet | Reached skill level 10 in Conjurations
 14340 | D:11     | Found a staircase to the Lair.
 14852 | Lair:1   | Entered Level 1 of the Lair of Beasts
 14956 | Lair:1   | Reached skill level 10 in Maces & Flails
 15346 | Lair:1   | Found a shadowy altar of Dithmenos.
 15924 | Lair:1   | Learned a level 4 spell: Iskenderun's Mystic Blast
 16552 | Lair:2   | Noticed a six-headed hydra
 16673 | Lair:2   | Reached skill level 1 in Summonings
 16728 | Lair:2   | Killed a six-headed hydra
 16986 | Lair:2   | Reached skill level 1 in Shields
 17206 | Lair:2   | Reached XP level 13. HP: 62/74 MP: 3/25
 17392 | Lair:2   | Found a staircase to the Swamp.
 18289 | Lair:2   | Learned a level 7 spell: Spellforged Servitor
 18778 | Lair:3   | Reached ***** piety under Vehumet
 18917 | Lair:3   | Offered knowledge of Starburst by Vehumet.
 19371 | Lair:3   | Found a staircase to the Snake Pit.
 19558 | Lair:3   | Found a blossoming altar of Fedhas.
 19922 | Lair:4   | Reached skill level 13 in Earth Magic
 20018 | Lair:4   | You fall into a shaft and drop 2 floors!
 20018 | Lair:6   | Entered Level 6 of the Lair of Beasts
 20018 | Lair:6   | Found a staircase to the Slime Pits.
 20019 | Lair:6   | Found a viscous altar of Jiyva.
 20515 | Lair:4   | Reached skill level 5 in Summonings
 20636 | Lair:4   | Gained mutation: Your large and strong wings let you fly.
                  | [Gargoyle growth]
 20636 | Lair:4   | Reached XP level 14. HP: 73/80 MP: 14/26
 21467 | Lair:5   | Reached skill level 14 in Earth Magic
 22102 | Lair:5   | Found a runed translucent gate.
 22102 | Lair:5   | Found a runed translucent gate.
 22102 | Lair:5   | Found a runed translucent gate.
 22110 | Lair:5   | Noticed Emuarch's ghost (journeyman MiFi)
 22368 | Lair:5   | Reached skill level 10 in Spellcasting
 22719 | Lair:6   | Offered knowledge of Flame Wave by Vehumet.
 23995 | Lair:6   | Found a corrupted altar of Lugonu.
 23995 | Lair:6   | Found a one-way gate to the infinite horrors of the Abyss.
 24060 | Lair:6   | Reached skill level 1 in Translocations
 24658 | Orc:1    | Entered Level 1 of the Orcish Mines
 25403 | Orc:2    | Entered Level 2 of the Orcish Mines
 25523 | Orc:2    | Found Yruhach's Book Shoppe.
 25535 | Orc:2    | Offered knowledge of Ozocubu's Refrigeration by Vehumet.
 25693 | Orc:2    | Noticed an orc warlord
 25694 | Orc:2    | Found Hesmiurch's Antique Armour Boutique.
 25708 | Orc:2    | Reached XP level 15. HP: 88/88 MP: 18/29
 26114 | Orc:2    | Killed an orc warlord
 26431 | Orc:2    | Found a staircase to the Elven Halls.
 26435 | Orc:2    | Found Dommus's General Store.
 26664 | Orc:2    | Found Gohosess's Antique Weapon Emporium.
 27793 | D:12     | Learned a level 8 spell: Lehudib's Crystal Spear
 28660 | D:13     | Found Suxowk's Distillery.
 28666 | D:13     | Bought a potion of heal wounds for 55 gold pieces
 28666 | D:13     | Bought a potion of magic for 88 gold pieces
 28666 | D:13     | Bought a potion of magic for 88 gold pieces
 28666 | D:13     | Bought a potion of brilliance for 44 gold pieces
 28666 | D:13     | Bought a potion of lignification for 33 gold pieces
 28666 | D:13     | Bought 2 potions of might for 88 gold pieces
 30875 | D:14     | Reached skill level 15 in Earth Magic
 31074 | D:14     | Found a gate to the Vaults.
 31140 | D:15     | Entered Level 15 of the Dungeon
 32390 | D:15     | Found a staircase to the Depths.
 32564 | D:15     | Reached XP level 16. HP: 94/96 MP: 12/31
 32737 | D:15     | Found Sibb's Weapon Shop.
 32898 | D:15     | Noticed Rupert
 32990 | D:15     | Killed Rupert
 32991 | D:15     | Reached skill level 5 in Translocations
 32991 | D:15     | Gained mutation: You are clumsy. (Dex -2) [mutagenic glow]
 33066 | D:15     | Lost mutation: You are clumsy. (Dex -2) [potion of
                  | mutation]
 33066 | D:15     | Lost mutation: Armour fits poorly on your strangely shaped
                  | body. [potion of mutation]
 33066 | D:15     | Gained mutation: You are weak. (Str -2) [potion of
                  | mutation]
 33481 | Swamp:1  | Entered Level 1 of the Swamp
 34107 | Swamp:1  | Reached skill level 10 in Fighting
 34265 | Swamp:1  | Reached ****** piety under Vehumet
 34979 | Swamp:1  | Slain by a bunyip

Illustrated notes

Levels and vault maps discovered:
D:1:      dpeg_arrival_erosion, layout_basic,
          dreamdust_ecumenical_altar_drowned_temple
D:2:      layout_loops_ring, uniq_terence
D:3:      layout_basic, nicolae_vehumet_altar_sigil, gammafunk_ghost_split,
          minmay_misc_feat_chi, minmay_fractal_squares_gapless_5
D:4:      layout_rooms, serial_shops, shop, st_stairs_2
D:5:      layout_rooms
D:6:      layout_gridville, gammafunk_ghost_split
D:7:      layout_basic, minmay_temple_entry_nine_rooms, grunt_ministairs_15,
          abandoned_shop, amethyst_killhole
D:8:      layout_basic, slow_altar_1, nicolae_transmutations_shop,
          roderic_batcave
D:9:      layout_basic, serial_rivers, chequers_serial_rivers_micro_d,
          chequers_serial_rivers_room_a, chequers_serial_rivers_small_3,
          chequers_serial_rivers_micro_b, hangedman_incinerator
D:10:     layout_loops_cross, overflow_temple_1_default, orc_0_dummy,
          serial_shops, shop, kennysheep_potato
D:11:     layout_small_grid, erik_lair_dragon, gauntlet_entry_generic
D:12:     layout_roguey
D:13:     layout_small_grid, serial_shops, nicolae_shop_hallway_plus
D:14:     layout_small_grid, david_vaults_5, kennysheep_cross_bottleneck
D:15:     gammafunk_enter_depths_forms, layout_long_grid, serial_shops,
          nicolae_shop_bloodbath_and_beyond, st_stairs_5, uniq_rupert
Lair:1:   layout_chaotic_city, lemuel_centaur_altar
Lair:2:   layout_cave_pods, minmay_swamp_entry_eels, nicolae_lair_lindhole,
          serial_bayou_shore_b, infiniplex_staircase_pool, grunt_megastairs_5
Lair:3:   layout_regular_city, minmay_snake_entry_guardpost_medium, tgw_fedhas
Lair:4:   layout_regular_city, nicolae_quartered_pool_impasse,
          grunt_megastairs_4
Lair:5:   layout_small_grid, ebering_ghost_rock_garden, serial_bayou_shore_a,
          lemuel_fruit_fields
Lair:6:   hellmonk_lair_end_abyssal_woods, layout_loops_ring, slime_altar_1,
          eino_small_chamber_without_monster, grunt_megastairs_1
Swamp:1:  layout_falls_marsh, nicolae_swamp_trees_clearing
Orc:1:    layout_diamond_mine
Orc:2:    grunt_orc_gardens, layout_diamond_mine, grunt_orc_garden,
          grunt_orc_garden, grunt_orc_garden, grunt_orc_garden

Skill      XL: |  1  2  3  4  5  6  7  8  9 10 11 12 13 14 15 16 |
---------------+-------------------------------------------------+-----
Transmutations | 1 4 |  4.0
Fighting       | 1 2 3 4 5 6 8 9 10 | 10.0
Earth Magic    | 4 5 6 7 8 9 10 12 13 14 15 | 15.0
Dodging        | 2 |  2.0
Spellcasting   | 3 4 5 6 8 10 11 | 11.6
Maces & Flails | 3 5 7 9 11 12 | 12.0
Conjurations   | 1 4 6 9 11 12 13 | 13.8
Summonings     | 2 5 7 9 |  9.7
Shields        | 2 4 |  4.0
Translocations | 2 4 5 |  5.0
Stealth        | |  2.1

Action                   |  1- 3 |  4- 6 |  7- 9 | 10-12 | 13-15 | 16-18 || total
-------------------------+-------+-------+-------+-------+-------+-------++-------
Melee: Hand axe          |    95 |   141 |     6 |       |       |       ||   242
       Punch             |     1 |     2 |       |     1 |       |       ||     4
       Whip              |       |       |    85 |   202 |   573 |    29 ||   889
 Cast: Sandblast         |    24 |    47 |    45 |    37 |    27 |       ||   180
       Stone Arrow       |       |     2 |    56 |    77 |    18 |       ||   153
       Iron Shot         |       |       |       |    93 |   308 |    61 ||   462
       Irradiate         |       |       |       |     2 |    25 |     7 ||    34
  Use: Scroll            |       |       |     7 |     4 |     6 |     2 ||    19
       Potion            |       |       |       |     2 |       |     3 ||     5
 Stab: Sleeping          |     5 |     4 |     1 |     3 |     2 |       ||    15
       Distracted        |     1 |       |       |       |       |       ||     1
Armor: Robe              |    33 |    21 |       |       |       |       ||    54
       Leather armour    |       |    59 |    78 |    75 |       |       ||   212
       Troll leather arm |       |       |       |    50 |   229 |    49 ||   328
Dodge: Dodged            |    90 |   120 |    91 |   127 |   242 |    42 ||   712
Block: Buckler           |       |       |       |       |    97 |    24 ||   121
